 Dungeon Crawl Stone Soup version 0.27.1-34-g3ba077fa99 (webtiles) character file.

Game seed: 11372035561189521690

67 Arum the Digger (level 4, -2/30 HPs)
             Began as a Formicid Earth Elementalist on Jan 8, 2022.
             Blown up by Ijyb (20 damage)
             ... with a mindburst bolt
             ... on level 3 of the Dungeon.
             The game lasted 00:03:00 (1370 turns).

Arum the Digger (Formicid Earth Elementalist)       Turns: 1370, Time: 00:03:00

Health: -2/30      AC:  2    Str: 13    XL:     4   Next: 38%
Magic:  1/8        EV: 12    Int: 15    God:
Gold:   56         SH:  0    Dex: 11    Spells: 8/9 levels left

rFire    . . .     SeeInvis +   e - +0 club
rCold    . . .     Faith    .   (no shield)
rNeg     . . .     Spirit   .   b - +0 robe
rPois    .         Reflect  .   (helmet unavailable)
rElec    .         Harm     .   (no cloak)
rCorr    .         Rampage  .   (no gloves)
Will     .....                  (no boots)
Stlth    ++........             (no amulet)
HPRegen  0.10/turn              (no ring)
MPRegen  0.11/turn              (no ring)

@: very slightly contaminated
A: permanent stasis, dig shafts and tunnels, antennae 3, four strong arms
a: Dig, Shaft Self


You were on level 3 of the Dungeon.
You visited 1 branch of the dungeon, and saw 3 of its levels.

You collected 56 gold pieces.

Inventory:

Hand Weapons
 e - a +0 club (weapon)
Missiles
 c - 42 stones
 g - 34 poisoned darts
Armour
 b - a +0 robe (worn)
Scrolls
 a - 2 scrolls of identify {unknown}
 f - a scroll of magic mapping {unknown}
 i - a scroll of fog {unknown}
 j - a scroll of brand weapon {unknown}


   Skills:
 + Level 2.6 Dodging
 - Level 2.4 Stealth
 + Level 3.1 Spellcasting
 - Level 1.1 Transmutations
 + Level 4.5 Earth Magic


You had 8 spell levels left.
You knew the following spells:

 Your Spells              Type           Power      Damage    Failure   Level
a - Sandblast             Erth           30%        2d9       3%          1

Your spell library contained the following spells:

 Spells                   Type           Power      Damage    Failure   Level
 Passwall                 Tmut/Erth      8%         N/A       10%         2
 Stone Arrow              Conj/Erth      18%        3d8       24%         3
 Petrify                  Tmut/Erth      10%        N/A       52%         4


Dungeon Overview and Level Annotations

Branches:
Dungeon (2/15)

Altars:

Annotations:
D:3 Ijyb


Innate Abilities, Weirdness & Mutations

You cannot be hasted, slowed, berserked, paralysed or teleported.
You can dig through walls and to a lower floor.
You have a pair of large antennae on your head. (SInv)
Your four strong arms can wield two-handed weapons with a shield.


Message History

Things that are here:
a +0 halberd; a +0 flail; a gnoll corpse
Found 13 gold pieces.
g - 33 poisoned darts (gained 1)
You now have 56 gold pieces (gained 13).
g - 35 poisoned darts (gained 2)
You fall into a shaft and drop 1 floor!
The shaft crumbles and collapses.
Ijyb the Twisted Goblin comes into view.
She is wielding a +0 club, wearing a +1 leather armour of fire resistance and carrying a wand of mindburst (16).
Ijyb shouts!
The blast of sand misses Ijyb.
The blast of sand misses Ijyb.
Ijyb screams, "Level is mine!
All mine!"
Ijyb misses you.
The blast of sand hits Ijyb.
Ijyb is lightly wounded.
Ijyb hits you with a +0 club.
The blast of sand hits Ijyb but does no damage.
Ijyb is lightly wounded.
Ijyb closely misses you.
You miscast Sandblast.
You are very lightly contaminated with residual magic.
Nothing appears to happen.
Ijyb hits you with a +0 club.
The blast of sand hits Ijyb.
Ijyb is moderately wounded.
Ijyb zaps a wand.
You barely resist.
The blast of sand misses Ijyb.
Ijyb closely misses you.
The blast of sand hits Ijyb but does no damage.
Ijyb is moderately wounded.
Ijyb hits you with a +0 club.
You don't have enough magic to cast this spell.
You don't have enough magic to cast this spell.
Throw: 35 darts (poison)
Press: ? - help, Shift-Dir - straight line, f/p - Ijyb
Aim: Ijyb, wielding a +0 club, wearing a +1 leather armour of fire resistance and carrying a wand of mindburst (15) (moderately wounded, 45% to hit)
You throw a poisoned dart. The poisoned dart hits Ijyb.
Ijyb is poisoned.
Ijyb is moderately wounded.
Ijyb zaps a wand.
Your mind is blasted!
Ouch! That really hurt!
You die...

#. ##.# ...
#..## ...##
###. . #...
.....
....##..#......
......g@.......
.#######.......
...#### .### .#
.. .. ..


You could see Ijyb (poisoned).

Vanquished Creatures
  3 gnolls (D:2)
  2 dart slugs (D:1)
  3 ball pythons (D:1)
  3 bats (D:1)
  2 endoplasms (D:1)
  2 goblins (D:1)
  3 hobgoblins (D:1)
  4 jackals (D:1)
  3 frilled lizards (D:1)
  A kobold (D:1)
  3 rats (D:1)
29 creatures vanquished.

Vanquished Creatures (collateral kills)
  A gnoll (D:2)
1 creature vanquished.

Grand Total: 30 creatures vanquished

Notes
Turn   | Place    | Note
-------+----------+-------------------------------------------
     0 | D:1      | Arum the Formicid Earth Elementalist began the quest for
                  | the Orb.
     0 | D:1      | Reached XP level 1. HP: 13/13 MP: 3/3
   311 | D:1      | Reached XP level 2. HP: 16/19 MP: 3/5
   368 | D:1      | Reached skill level 4 in Earth Magic
   568 | D:1      | Reached XP level 3. HP: 19/24 MP: 4/6
  1241 | D:2      | Reached XP level 4. HP: 16/30 MP: 0/8
  1361 | D:2      | You fall into a shaft and drop 1 floor!
  1361 | D:3      | Noticed Ijyb
  1370 | D:3      | Blown up by Ijyb

Illustrated notes

Levels and vault maps discovered:
D:1:      dpeg_arrival_rooms_b, layout_basic, minmay_tall_x
D:2:      layout_basic
D:3:      layout_rooms, minitemple, chequers_ecumenical_altar_simple_redux,
          kennysheep_cross_bottleneck, palyth_stone_intersect, uniq_natasha,
          uniq_jessica, uniq_ijyb

Skill      XL: |  1  2  3 |
---------------+----------+-----
Dodging        | 2 |  2.6
Earth Magic    | 4 |  4.5
Spellcasting   | 3 |  3.1
Stealth        | |  2.4
Transmutations | |  1.1

Action                   |  1- 3 |  4- 6 || total
-------------------------+-------+-------++-------
Melee: Unarmed           |     8 |       ||     8
       Club              |    19 |       ||    19
Throw: Dart              |     3 |     2 ||     5
 Cast: Sandblast         |    39 |     8 ||    47
  Use: Scroll            |       |     1 ||     1
       Potion            |       |     1 ||     1
Armor: Robe              |    12 |       ||    12
Dodge: Dodged            |    56 |     4 ||    60
